Unix NetHack Version 5.0.0-0 post-release - last build May 23 2026 06:08:33 (1c0ff79ee797540d5714e4e18072db0edd9e58ae,branch:main).

Game began 2026-05-25 21:48:04, ended 2026-05-25 21:57:33.

Corncycle, chaotic male human Rogue

     ----
    |...--                               -
    |....--                           ---.---
    |.--..|           -------      ----.....--
    |.|--.|           |.....--------..........|
    |.--|.---         |.--...........--..*--..--
   --..||.....|       |.|------------------|...|
   |..---...-.--   -  |.|---             ---..--
  --^--|.......----.---.|..|             |....--
  |..--|........--...|.....|             |.....--
  --..| --..<..............|              -.......
   --.|  |..........%.....-                ........
    ---   ---.......%.....|                 .))`@.-
            --............---               ...).--
             |...............|               .....
              .0.............|                ...
                ............--
                 ...  .---.)|
                         |..|
                          ---
Corncycle the Cutpurse  St:10 Dx:18 Co:16 In:9 Wi:15 Ch:7  Chaotic
Dlvl:4  $:21 HP:0(32) Pw:16(16) AC:6  Xp:4 T:1180 

Latest messages:
 The gnome lord hits!
 In what direction?
 The dagger hits the gnome lord.
 The gnome lord hits!
 In what direction?
 The dagger hits the gnome lord.
 The gnome lord hits!
 The dagger hits the gnome lord.
 What do you want to write with? [- bls or ?*]
 You write in the dust with your fingertip.
 The gnome lord hits!
 The gnome lord picks up a tripe ration.
 You are hit by a dart.
 What do you want to write with? [- bls or ?*]
 You write in the dust with your fingertip.
 Something is written here in the dust.
 You read: "Elbereth".
 You see no objects here.
 The gnome turns to flee.
 What do you want to write with? [- bls or ?*]
 Do you want to add to the current engraving? [ynq] (y)
 You add to the writing in the dust with your fingertip.
 Never mind.
 In what direction?
 The dagger hits the gnome lord.
 You are hit by a dagger.
 In what direction?
 You throw 2 daggers.
 The 1st dagger hits the gnome lord.
 The 2nd dagger hits the gnome lord.
 You kill the gnome lord!
 You are hit by a crossbow bolt.
 You are almost hit by a crossbow bolt.
 You are hit by a crossbow bolt.
 You hear the wailing of the Banshee...
 What do you want to write with? [- bls or ?*]
 Never mind.
 What do you want to drink? [dik or ?*]
 This tastes like slime mold juice.
 The dwarf picks up a rusty dart.
 What do you want to write with? [- bls or ?*]
 You write in the dust with your fingertip.
 The dwarf turns to flee.
 You are hit by a dart.
 You die...
 Do you want your possessions identified? [ynq] (y)
 Do you want to see your attributes? [ynq] (y)
 Do you want an account of creatures vanquished? [ynaq] (y)
 Do you want to see your conduct and achievements? [ynq] (y)
 Do you want to see the dungeon overview? [ynq] (y)

Inventory:
 Coins    ('$')
  $ - 21 gold pieces
 Weapons  (')')
  b - a +0 dagger (weapon in right hand)
  s - 7 +0 daggers (at the ready)
 Armor    ('[')
  n - a cursed rotted -1 pair of gauntlets of fumbling named cursed
  o - a blessed +0 pair of jumping boots (being worn)
  c - a blessed +1 leather armor (being worn)
 Comestibles  ('%')
  r - a cursed candy bar labeled "Nilla Crunchie"
  m - an uncursed cram ration
  j - 2 uncursed food rations
 Scrolls  ('?')
  h - an uncursed scroll of identify
  p - an uncursed scroll of light
 Potions  ('!')
  k - a cursed potion of fruit juice
  d - an uncursed potion of sickness
 Rings    ('=')
  l - a blessed +0 ring of gain constitution
 Tools    ('(')
  Y - an empty uncursed sack
  e - an uncursed lock pick
  z - an uncursed partly used wax candle (lit)

Corncycle the Rogue's attributes:

Background:
 You were a Cutpurse, a level 4 male human Rogue.
 You were chaotic, nominally on a mission for Kos
 who was opposed by Issek (lawful) and Mog (neutral).
 You were right-handed.
 You were in the Gnomish Mines, on level 4.
 You entered the dungeon 1180 turns ago.
 You had 147 experience points, 13 more were needed to attain level 5.

Basics:
 You had 0 out of 32 hit points.
 You had all 16 energy points (spell power).
 Your armor class was 6.
 Your wallet contained 21 zorkmids.
 Autopickup was on for '.' plus thrown.

Final Characteristics:
 Your strength was 10 (limit:18/100).
 Your dexterity was 18 (limit:18).
 Your constitution was 16 (limit:18).
 Your intelligence was 9 (limit:18).
 Your wisdom was 15 (limit:18).
 Your charisma was 7 (limit:18).

Final Status:
 You weren't hungry.
 You were unencumbered.
 You were wielding a dagger.
 You had basic skill with dagger.

Final Attributes:
 You were devoutly aligned.
 You were stealthy.
 You could jump.
 You were warded.
 You are dead.

Miscellaneous:
 You didn't encounter any bones levels.
 Total elapsed playing time was 9 minutes and 28 seconds.

Major events:
 Turn
    1: Corncycle the chaotic male human Rogue entered the dungeon
  387: entered the Gnomish Mines
  589: attained the rank of Cutpurse (level 3)
 1180: killed by a dart

You didn't know any spells.

Skills:
 Fighting Skills
   bare handed combat [Unskilled]
   two weapon combat  [Unskilled]
   riding             [Unskilled]
 Weapon Skills
   dagger             [Basic]
   knife              [Unskilled]
   short sword        [Basic]
   broadsword         [Unskilled]
   long sword         [Unskilled]
   two-handed sword   [Unskilled]
   saber              [Unskilled]
   club               [Unskilled]
   mace               [Unskilled]
   morning star       [Unskilled]
   flail              [Unskilled]
   hammer             [Unskilled]
   polearms           [Unskilled]
   spear              [Unskilled]
   crossbow           [Unskilled]
   dart               [Unskilled]
   shuriken           [Unskilled]
 Spellcasting Skills
   divination spells  [Unskilled]
   escape spells      [Unskilled]
   matter spells      [Unskilled]

Voluntary challenges:
 Character rerolling was not enabled.
 You were an atheist.
 You never genocided any monsters.
 You never polymorphed an object.
 You never changed form.
 You used no wishes.
Achievements:
 You entered the Gnomish Mines.
 You attained the rank of Cutpurse.

 The Dungeons of Doom: levels 1 to 2
    Level 1:
       A fountain.
    Level 2:
       A fountain.
       Stairs down to The Gnomish Mines.
 The Gnomish Mines: levels 3 to 4
    Level 3:
    Level 4: <- You were here.
       Final resting place for
          you, killed by a dart.


Vanquished creatures:
  3 gnome leaders
  a little dog
  2 dwarves
  a hobbit
 12 gnomes
  a gecko
  6 jackals
  2 foxes
  a goblin
  2 lichens
  5 newts
36 creatures vanquished.

No species were genocided or became extinct.

Game over:
                       ----------
                      /          \
                     /    REST    \
                    /      IN      \
                   /     PEACE      \
                  /                  \
                  |    Corncycle     |
                  |      21 Au       |
                  | killed by a dart |
                  |                  |
                  |                  |
                  |                  |
                  |       2026       |
                 *|     *  *  *      | *
        _________)/\\_//(\/(/\)/\//\/|_)_______

Goodbye Corncycle the Rogue...

You died in The Gnomish Mines on dungeon level 4 with 757 points,
and 21 pieces of gold, after 1180 moves.
You were level 4 with a maximum of 32 hit points when you died.

